 Dungeon Crawl Stone Soup version 0.21-a0-521-g1cd18d1 (webtiles) character file.

44 slep the Skirmisher (level 3, -7/29 HPs)
             Began as a Demonspawn Monk on Dec 6, 2017.
             Mangled by a worm (11 damage)
             ... on level 1 of the Dungeon.
             The game lasted 00:02:28 (670 turns).

slep the Skirmisher (Demonspawn Monk)                Turns: 670, Time: 00:02:28

Health: -7/29      AC:  2    Str: 12    XL:     3   Next: 41%
Magic:  3/3        EV: 13    Int: 11    God:
Gold:   25         SH:  0    Dex: 15    Spells: 2/2 levels left

rFire    . . .     SeeInvis .   a - +0 hand axe
rCold    . . .     Gourm    .   (no shield)
rNeg     . . .     Faith    .   b - +0 robe
rPois    .         Spirit   .   (no helmet)
rElec    .         Reflect  .   (no cloak)
rCorr    .         Harm     .   (no gloves)
MR       .....                  (no boots)
Stlth    ++........             (no amulet)
HPRegen  0.09/turn              (no ring)
MPRegen  0.08/turn              (no ring)

@: no status effects
A: spiny 1
a: no special abilities


You were on level 1 of the Dungeon.
You were not hungry.

You visited 1 branch of the dungeon, and saw 1 of its levels.

You collected 25 gold pieces.

Inventory:

Hand Weapons
 a - a +0 hand axe (weapon)
Armour
 b - a +0 robe (worn)
Scrolls
 e - 2 scrolls of identify {unknown}
 g - 2 scrolls of amnesia {unknown}
 i - a scroll of noise {unknown}
Potions
 d - a potion of mutation {unknown}
 f - 3 potions of agility {unknown}
 j - a potion of resistance {unknown}
Comestibles
 c - a bread ration
 h - a royal jelly


   Skills:
 + Level 3.3 Fighting
 + Level 3.3 Axes
 + Level 3.0 Dodging
 + Level 2.3 Stealth


You had 2 spell levels left.
You didn't know any spells.

Dungeon Overview and Level Annotations

Branches:
Dungeon (1/15)

Altars:


Innate Abilities, Weirdness & Mutations

You are partially covered in sharp spines.


Message History

The jackal is moderately wounded.
You hit the jackal.
You kill the jackal!
The jackal bites you but does no damage.
The jackal is struck by your spines. The jackal bites you.
* * * LOW HITPOINT WARNING * * *
You closely miss the jackal.
The jackal is severely wounded.
The jackal closely misses you.
You barely miss the jackal.
The jackal is severely wounded.
The jackal bites you but does no damage.
The jackal is struck by your spines.
You kill the jackal!
You hit the worm.
The worm is moderately wounded.
You slash the worm!
The worm is severely wounded.
The worm bites you!
You die...

######################.#..# #
#...................#..#
####.###..................#
...#.#.#.###############..#
##.#...#.#.............#..#
#.#...#.#.............#..#######
#.#.###)#......Jg.....#..##.....
#.#.# #.#######w#######.........
#.#.###.#.....†@†.....#..##.....
#.#.....+⌠....###....⌠'..##...##
#.#.##..#......<......#..##.#...
##.#.###.#..⌠...>...⌠..#..##.####
...#.# #.###+#######'###..##.#
####.# #..............)..>##.# #
#.# #####)...........#.##.# #
#.#####....#####.#.#.#.##.# #
#.......#.## #.#...####.#


You could see a worm, a jelly and a hobgoblin.

Vanquished Creatures
  3 oozes (D:1)
  A dart slug (D:1)
  2 giant cockroaches (D:1)
  2 goblins (D:1)
  5 hobgoblins (D:1)
  3 jackals (D:1)
  4 kobolds (D:1)
  2 bats (D:1)
  A frilled lizard (D:1)
  7 rats (D:1)
30 creatures vanquished.

Notes
Turn   | Place    | Note
-------+----------+-------------------------------------------
     0 | D:1      | slep the Demonspawn Monk began the quest for the Orb.
     0 | D:1      | Reached XP level 1. HP: 18/18 MP: 1/1
     0 | D:1      | Noticed a jelly
     1 | D:1      | Found a runed door.
   175 | D:1      | Gained mutation: You are partially covered in sharp spines. [demonic ancestry]
   175 | D:1      | Reached XP level 2. HP: 24/24 MP: 2/2
   643 | D:1      | Reached XP level 3. HP: 25/29 MP: 3/3
   670 | D:1      | Mangled by a worm

Vault maps used:
D:1:      dpeg_arrival_caged_fury

Skill      XL: |  1  2  3 |
---------------+----------+-----
Stealth        | 2 |  2.3
Axes           | 3 |  3.3
Dodging        | 3 |  3.0
Fighting       | |  3.3

Action                   || total
-------------------------++-------
Melee: Hand axe          ||    71
 Stab: Sleeping          ||     5
       Distracted        ||     1
Armor: Robe              ||    11
Dodge: Dodged            ||    36

Table legend:
 A = Spawn XP
 B = Non-spawn XP
 C = Spawn XP percentage of total XP
 D = Spawn monster count
 E = Non-spawn monster count
 F = Spawn count percentage of total count
 G = Total turns spent on level
                    A         B        C        D         E        F      G
               +---------+---------+-------+---------+---------+-------+---------
         Total |       0 |      64 |   0.0 |       0 |      30 |   0.0 |   670
               +---------+---------+-------+---------+---------+-------+---------
           D:1 |       0 |      64 |   0.0 |       0 |      30 |   0.0 |   670
               +---------+---------+-------+---------+---------+-------+---------
